 Dungeon Crawl Stone Soup version 0.25-a0-294-gea9b1ad378 (webtiles) character file.

Game seed: 5498529603827240035, levelgen mode: deterministic

49 Lanoc the Digger (level 3, 0/26 HPs)
             Began as a Hill Orc Earth Elementalist on Dec 19, 2019.
             Slain by a hobgoblin
             ... wielding a +0 club
              (2 damage)
             ... on level 2 of the Dungeon.
             The game lasted 00:02:07 (1316 turns).

Lanoc the Digger (Hill Orc Earth Elementalist)      Turns: 1316, Time: 00:02:08

Health: 0/26       AC:  2    Str: 10    XL:     3   Next: 77%
Magic:  2/5        EV: 12    Int: 16    God:
Gold:   90         SH:  0    Dex: 11    Spells: 4/5 levels left

rFire    + . .     SeeInvis .   e - +0 whip (flame)
rCold    . . .     Gourm    .   (no shield)
rNeg     . . .     Faith    .   c - +0 robe
rPois    .         Spirit   .   (no helmet)
rElec    .         Reflect  .   (no cloak)
rCorr    .         Harm     .   (no gloves)
MR       .....                  (no boots)
Stlth    ++........             (no amulet)
HPRegen  0.08/turn              l - ring of protection from fire
MPRegen  0.09/turn              (no ring)

@: lethally poisoned (0 -> -7)
A: no striking features
a: no special abilities


You were on level 2 of the Dungeon.
You were not hungry.

You visited 1 branch of the dungeon, and saw 2 of its levels.

You collected 90 gold pieces.

Inventory:

Hand Weapons
 e - a +0 whip of flaming (weapon)
Missiles
 b - 5 stones (quivered)
Armour
 c - a +0 robe (worn)
Jewellery
 l - a ring of protection from fire (left hand)
Scrolls
 g - 2 scrolls of identify {unknown}
 h - a scroll of teleportation {unknown}
 i - a scroll of magic mapping {unknown}
 j - a scroll of amnesia {unknown}
Potions
 a - a potion of degeneration {unknown}
 f - a potion of magic {unknown}
Comestibles
 d - 2 rations
 k - 4 chunks of flesh


   Skills:
 + Level 2.2 Dodging
 - Level 1.5 Stealth
 - Level 1.5 Spellcasting
   Level 0.6 Transmutations
 * Level 4.1 Earth Magic


You had 4 spell levels left.
You knew the following spells:

 Your Spells              Type           Power        Failure   Level  Hunger
a - Sandblast             Erth           ##....       4%          1    ##.....

Your spell library contained the following spells:

 Spells                   Type           Power        Failure   Level  Hunger
 Passwall                 Tmut/Erth      #.......     12%         2    ###....
 Stone Arrow              Conj/Erth      #.....       28%         3    ####...
 Petrify                  Tmut/Erth      #.......     63%         4    #####..
 Lee's Rapid Deconstruct  Erth           ##........   73%         5    ######.


Dungeon Overview and Level Annotations

Branches:
Dungeon (2/15)

Altars:


Message History

Aim: an adder (almost dead)
The blast of sand misses the adder.
b - 6 stones The adder bites you.
* * * LOW HITPOINT WARNING * * *
The adder bites you.
* * * LOW HITPOINT WARNING * * *
You are more poisoned.
The adder poisons you!
Casting: Sandblast (safe; 4% risk of failure)
Confirm with . or Enter, or press ? or * to list all spells.
Aiming: Sandblast (safe; 4% risk of failure)
Press: ? - help, Shift-Dir - straight line, f/p - adder
Aim: an adder (almost dead)
The blast of sand hits the adder!
You kill the adder!
b - 5 stones
* * * LOW HITPOINT WARNING * * *
You feel sick. The hobgoblin hits you with a +0 club.
You die...

#........ #........
#........ #........
######### #........
#.......# #........
#.......# #........ #
#.......###†......? ...
#.......##@g..#.### .#..
#...........###.## #....
#...........# ...## #.....
#.......#...# #..##......
#.......##..######.........
#.............<........)...
######.....................
#.....................
#.............÷.....##


You could see a hobgoblin.

Vanquished Creatures
  An adder (D:2)
  A gnoll (D:1)
  A dart slug (D:1)
  A leopard gecko (D:1)
  A giant cockroach (D:1)
  3 goblins (D:1)
  4 hobgoblins
  A jackal (D:1)
  A ball python (D:1)
  2 bats
  4 frilled lizards
  8 kobolds
  A rat (D:1)
29 creatures vanquished.

Notes
Turn   | Place    | Note
-------+----------+-------------------------------------------
     0 | D:1      | Lanoc the Hill Orc Earth Elementalist began the quest for
                  | the Orb.
     0 | D:1      | Reached XP level 1. HP: 14/14 MP: 3/3
   384 | D:1      | Reached XP level 2. HP: 17/20 MP: 4/4
   923 | D:1      | Reached XP level 3. HP: 14/26 MP: 5/5
  1163 | D:2      | Reached skill level 4 in Earth Magic
  1316 | D:2      | Slain by a hobgoblin

Levels and vault maps discovered:
D:1:      psy_arrival_conway, layout_rooms, st_stairs_5, minivault_23,
          minmay_split_cup_small
D:2:      layout_rooms, kiku_gazebo_garden_becter,
          chequers_temple_overflow_statue_of_worship, first_ration,
          kennysheep_generic_room_10

Skill      XL: |  1  2  3 |
---------------+----------+-----
Dodging        | 2 |  2.2
Earth Magic    | 4 |  4.1
Stealth        | |  1.5
Spellcasting   | |  1.5
Transmutations | |  0.6

Action                   || total
-------------------------++-------
Melee: Whip              ||    71
       Unarmed           ||     6
 Cast: Sandblast         ||    27
 Stab: Sleeping          ||     1
  Eat: Chunk             ||     2
Armor: Robe              ||    14
Dodge: Dodged            ||    70

Table legend:
 A = Non-vault XP
 B = Vault XP
 C = Vault XP percentage of total XP
 D = Non-vault monster count
 E = Vault monster count
 F = Vault count percentage of total count
                 A         B        C        D         E       F
            +---------+---------+-------+---------+---------+-------
      Total |      64 |       7 |   9.9 |      24 |       5 |  17.2
            +---------+---------+-------+---------+---------+-------
        D:1 |      42 |       7 |  14.3 |      18 |       5 |  21.7
        D:2 |      22 |       0 |   0.0 |       6 |       0 |   0.0
            +---------+---------+-------+---------+---------+-------
